 Dungeon Crawl Stone Soup version 0.28-a0-730-g892d06dc2c (webtiles) character file.

Game seed: 9658254179503052691

17109 pokeman the Eclecticist (level 12, -1/68 HPs)
             Began as a Deep Elf Hedge Wizard on Oct 28, 2021.
             Was an Elder of Vehumet.
             Slain by a death scarab (10 damage)
             ... in a Gauntlet on Oct 29, 2021.
             The game lasted 00:45:27 (15535 turns).

pokeman the Eclecticist (Deep Elf Hedge Wizard)    Turns: 15535, Time: 00:45:28

Health: -1/68      AC: 15    Str:  7    XL:     12   Next: 16%
Magic:  31/34      EV: 13    Int: 30    God:    Vehumet [****..]
Gold:   660        SH:  0    Dex: 14    Spells: 20/44 levels left

rFire   . . .      SeeInvis +   h - +5 flail "Nusi" {elec, rPois Int+5}
rCold   . . .      Faith    .   (no shield)
rNeg    . . .      Spirit   .   E - +0 steam dragon scales
rPois   +          Reflect  .   U - +0 helmet {SInv}
rElec   .          Harm     .   o - +1 cloak
rCorr   .          Rampage  .   w - +0 pair of gloves
Will    +....      NoTele   +   e - +0 pair of boots
Stlth   ++........              y - amulet of magic regeneration
HPRegen 0.21/turn               G - ring of poison resistance
MPRegen 0.49/turn               X - +4 ring of protection

@: slowed, very slow
A: no striking features
a: Renounce Religion


You were in a Gauntlet.
You worshipped Vehumet.
Vehumet was greatly pleased with you.
You visited 2 branches of the dungeon, and saw 14 of its levels.
You also visited: Gauntlet.

You collected 1040 gold pieces.
You spent 380 gold pieces at shops.

Inventory:

Hand Weapons
 b - a +0 shortbow
 h - the +5 flail "Nusi" (weapon) {elec, rPois Int+5}
   (You found it on level 12 of the Dungeon)

   It occasionally discharges a powerful burst of electricity upon striking a
   foe.
   Int:       It affects your intelligence (+5).
   rPois:     It protects you from poison.
 A - the +5 flail "Enurghar" {flame, Int+7 Dex+3 SInv}
   (You found it on level 5 of the Dungeon)

   It burns those it strikes, dealing additional fire damage.
   Int:       It affects your intelligence (+7).
   Dex:       It affects your dexterity (+3).
   SInv:      It lets you see invisible.
Missiles
 B - 246 arrows
Armour
 e - a +0 pair of boots (worn)
 o - a +1 cloak (worn)
 u - a +1 leather armour of cold resistance
 w - a +0 pair of gloves (worn)
 E - +0 steam dragon scales (worn)
 F - the +0 robe of the Thirteen Beggars {rF- rC+++ Regen+}
   (You found it on level 6 of the Dungeon)

   rF:        It makes you vulnerable to fire.
   rC:        It renders you almost immune to cold.
   Regen:     It increases your rate of health regeneration.
 R - a +2 robe of fire resistance
 U - a +0 helmet of see invisible (worn)
Magical Staves
 J - a staff of fire
Jewellery
 y - an amulet of magic regeneration (around neck)
 G - a ring of poison resistance (left hand)
 X - a +4 ring of protection (right hand)
Wands
 i - a wand of iceblast (19) (quivered)
Scrolls
 c - 5 scrolls of teleportation
 f - 2 scrolls of fog
 g - a scroll of amnesia
 t - 2 scrolls of enchant weapon
 H - 2 scrolls of magic mapping
 P - 2 scrolls of blinking
 T - a scroll of enchant armour {unknown}
 V - a scroll of summoning {unknown}
 W - a scroll of fear {unknown}
Potions
 a - 4 potions of heal wounds
 d - a potion of might
 k - a potion of haste
 z - 2 potions of curing
 D - 2 potions of resistance {unknown}
 M - a potion of ambrosia {unknown}
 N - 2 potions of attraction {unknown}
 S - 3 potions of cancellation {unknown}


   Skills:
 - Level 5.1 Fighting
 - Level 4.0 Armour
 - Level 3.0 Dodging
 - Level 3.0 Stealth
 + Level 3.1 Shields
 * Level 16.8 Spellcasting
 + Level 9.9 Conjurations
 - Level 1.1 Summonings
 - Level 1.1 Translocations
 - Level 1.0 Transmutations
 + Level 9.1 Fire Magic
 - Level 1.3 Air Magic
 - Level 1.0 Poison Magic
 - Level 1.0 Evocations


You had 20 spell levels left.
You knew the following spells:

 Your Spells              Type           Power      Damage    Failure   Level
a - Magic Dart            Conj           100%       1d8       1%          1
b - Mephitic Cloud        Conj/Pois/Air  49%        N/A       1%          3
c - Call Imp              Summ           31%        N/A       1%          2
d - Blink                 Tloc           62%        N/A       1%          2
e - Conjure Flame         Conj/Fire      70%        6-21      1%          3
f - Foxfire               Conj/Fire      100%       2x1d9     1%          1
g - Wereblood             Tmut           31%        N/A       1%          2
h - Flame Wave            Conj/Fire      70%        3d12      1%          4
i - Starburst             Conj/Fire      35%        6d10      1%          6

Your spell library contained the following spells:

 Spells                   Type           Power      Damage    Failure   Level
 Iskenderun's Battlesphe  Conj           71%        2d12      1%          5
 Scorch                   Fire           100%       2d10      1%          2
 Static Discharge         Conj/Air       56%        N/A       1%          2
 Dazzling Flash           Conj/Hex       100%       N/A       1%          3
 Hailstorm                Conj/Ice       53%        3d12      1%          4
 Iskenderun's Mystic Bla  Conj/Tloc      55%        2d12      1%          4
 Sticky Flame             Conj/Fire      70%        2d8       1%          4
 Ensorcelled Hibernation  Hex/Ice        50%        N/A       2%          2
 Slow                     Hex            25%        N/A       2%          2
 Sublimation of Blood     Necr           12%        N/A       2%          2
 Summon Guardian Golem    Hex/Summ       28%        N/A       4%          3
 Ice Form                 Ice/Tmut       28%        N/A       14%         4
 Cause Fear               Hex            12%        N/A       17%         4
 Dispel Undead            Necr           25%        3d12      17%         4
 Summon Forest            Summ/Tloc      15%        N/A       30%         5
 Summon Mana Viper        Hex/Summ       28%        N/A       36%         5
 Summon Cactus Giant      Summ           15%        N/A       86%         6
 Simulacrum               Ice/Necr       12%        N/A       95%         6
 Dragon Form              Tmut           15%        N/A       100%        7
 Summon Hydra             Summ           15%        N/A       100%        7
 Dragon's Call            Summ           15%        N/A       100%        9


Dungeon Overview and Level Annotations

Branches:
Dungeon (13/15)            Temple (1/1) D:4            Lair (0/6) D:8
    Orc (0/2) D:9         Gauntlet (1/1)
 Vaults: D:13-14

Altars:
Dithmenos
Hepliaklqana
Kikubaaqudgha
Makhleb
Trog
Vehumet
Wu Jian

Shops:
D:1 (   D:2 *   D:6 [   D:9 !(?[   D:12 ?

Portals:
Trove: D:12 (give 8 scrolls of fog)

Annotations:
Gauntlet 7 transporters, 5 runed translucent doors, exclusion: oklob plant


Message History

Here: a death scarab (fire blocked by a translucent stone wall)
The floor.
Unknown command.
The white imp shouts, "Out, out, thou paunchy shard-borne hugger-mugger!"
The white imp spits at you.
There is a transporter here.
Unknown command.
Unknown command.
Unknown command.
Unknown command.
Unknown command.
You enter the transporter and appear at another place.
The death scarab bites you!!
The death scarab draws strength from your injuries!
Unknown command.
The spectral black mamba bites you but does no damage.
The death scarab bites you!! The death scarab drains your vigour!
You feel yourself slow down.
The death scarab draws strength from your injuries!
The spectral black mamba closely misses you.
The death scarab closely misses you.
Casting: Magic Dart (safe; 1% risk of failure)
Confirm with . or Enter, or press ? or * to list all spells.
Casting: Starburst (dangerous; 1% risk of failure)
Press: ? - help, Dir - look around, f - activate The bolt of fire misses the death scarab.
The bolt of fire misses the spectral black mamba.
The bolt of fire hits the death scarab!!
You destroy the death scarab!
Vehumet accepts your kill.
You feel your power returning. The death scarab bites you!
* * * LOW HITPOINT WARNING * * *
The death scarab draws strength from your injuries!
The death scarab bites you!
* * * LOW HITPOINT WARNING * * *
The death scarab drains your vigour!
You feel as though you will be slow longer.
The death scarab draws strength from your injuries!
The death scarab bites you!
You die...

## ### ### ### ### ##
##≈###≈###≈###≈###≈###≈
#≈≈≈#≈≈≈#≈≈≈#≈≈≈#≈≈≈#≈≈
#≈....................
##.#########...#######
##≈.#=)#.##.#.⌠.#......
#≈≈.##@##Z.##...#....#. ..
##≈.###BZ#.######[..### #.⌠
##.#©Z#Z##.#©.©#©.#©#.
#...##..##.##..##.⌠.#.###..
..⌠.#...###..#.##...#..#...
#...#.∩.#.)#.##.#.⌠.#......
#.©.#...#########...#######
....#.⌠.....#.....⌠.#......
#.©.#...#########...#######


You could see 2 spectral black mambas, a spectral boulder beetle, a spectral
dream sheep and a death scarab.

Vanquished Creatures
  4 two-headed ogres
  A death scarab (Gauntlet)
  A fire crab (Gauntlet)
  Pikel (D:4)
  A deep elf pyromancer (D:12)
  A manticore (D:11)
  A cyclops (D:12)
  An unseen horror (D:10)
  Psyche (D:9)
  2 gargoyles (D:12)
  3 komodo dragons
  Prince Ribbit (D:9)
  A hornet (D:9)
  A meliai zombie (D:11)
  Grinder (D:4)
  3 shadows (Gauntlet)
  Sigmund (D:2)
  A wyvern (D:9)
  11 yaks (D:10)
  2 steam dragons
  7 vampire mosquitoes (D:12)
  Menkaure (D:4)
  An acid dragon (D:10)
  2 water moccasins (D:7)
  6 orc warriors
  2 black bears
  2 ice beasts
  A sky beast (D:7)
  3 ogres
  7 centaurs
  A lemure (D:4)
  A kobold brigand (D:9)
  5 bullfrogs
  A gnoll sergeant (D:9)
  4 scorpions
  A water moccasin skeleton (D:4)
  8 killer bees
  7 howler monkeys
  A vampire bat (D:5)
  5 centaur zombies
  3 bullfrog zombies
  A jelly (D:6)
  8 orc priests
  Crazy Yiuf (D:2)
  4 hounds
  A gnoll shaman (D:4)
  2 iguanas (D:5)
  Natasha (thrice) (D:2)
  11 orc wizards
  A scorpion zombie (D:5)
  2 hound skeletons
  15 gnolls
  4 adders
  A shadow imp (D:8)
  A white imp (D:6)
  3 ufetubi
  An adder skeleton (D:5)
  2 worms
  2 dart slugs
  7 fire bats
  41 orcs
  2 spectral bats (D:5)
  5 ball pythons
  19 bats
  3 bat skeletons (D:5)
  A bat zombie (D:5)
  7 endoplasms
  4 giant cockroaches
  8 goblins
  6 hobgoblins
  6 quokkas
  A bat simulacrum (D:5)
  10 kobolds
  A quokka skeleton (D:4)
  6 rats
  2 foxfires (D:8)
300 creatures vanquished.

Vanquished Creatures (collateral kills)
  A centaur (D:11)
  3 foxfires (D:8)
4 creatures vanquished.

Vanquished Creatures (others)
  555 foxfires
  14 fungi (D:8)
  9 plants (D:8)
578 creatures vanquished.

Grand Total: 882 creatures vanquished

Notes
Turn   | Place    | Note
-------+----------+-------------------------------------------
     0 | D:1      | pokeman the Deep Elf Hedge Wizard began the quest for the
                  | Orb.
     0 | D:1      | Reached XP level 1. HP: 10/10 MP: 7/7
   425 | D:1      | Found Puaps's Antique Weapon Shop.
   506 | D:1      | Reached XP level 2. HP: 16/16 MP: 7/9
  1233 | D:1      | Reached skill level 5 in Spellcasting
  1341 | D:1      | Found a faded altar of an unknown god.
  1517 | D:2      | Reached XP level 3. HP: 20/20 MP: 9/11
  1521 | D:2      | Learned a level 3 spell: Mephitic Cloud
  1524 | D:2      | Learned a level 2 spell: Call Imp
  1527 | D:2      | Learned a level 2 spell: Blink
  1531 | D:2      | Learned a level 3 spell: Conjure Flame
  1877 | D:2      | Noticed Sigmund
  1901 | D:2      | Killed Sigmund
  1902 | D:2      | Reached skill level 1 in Fighting
  1902 | D:2      | Reached skill level 1 in Armour
  1902 | D:2      | Reached skill level 6 in Spellcasting
  1902 | D:2      | Reached XP level 4. HP: 26/26 MP: 3/14
  1902 | D:2      | Reached XP level 5. HP: 30/30 MP: 3/15
  2016 | D:2      | Noticed Natasha
  2020 | D:2      | Killed Natasha
  2220 | D:2      | Noticed Natasha
  2229 | D:2      | Killed Natasha
  2306 | D:2      | Noticed Natasha
  2315 | D:2      | Killed Natasha
  2316 | D:2      | Reached XP level 6. HP: 26/35 MP: 13/17
  2332 | D:2      | Reached skill level 1 in Fire Magic
  2452 | D:2      | Found Zatsiycy's Assorted Antiques.
  2560 | D:2      | Found a runed translucent door.
  2561 | D:2      | Noticed Crazy Yiuf
  2570 | D:2      | Killed Crazy Yiuf
  2754 | D:3      | Reached skill level 7 in Spellcasting
  3206 | D:3      | Learned a level 2 spell: Wereblood
  3506 | D:3      | Reached skill level 1 in Air Magic
  4129 | D:4      | Got the Grimoire of Bewitching Arcane Weapons
  4173 | D:4      | Reached XP level 7. HP: 35/39 MP: 16/20
  4258 | D:4      | Reached skill level 1 in Poison Magic
  4258 | D:4      | Reached skill level 1 in Evocations
  4347 | D:4      | Noticed Menkaure
  4365 | D:4      | Killed Menkaure
  4366 | D:4      | Reached skill level 8 in Spellcasting
  4366 | D:4      | Reached skill level 1 in Transmutations
  4565 | D:4      | Found a staircase to the Ecumenical Temple.
  4588 | Temple   | Entered the Ecumenical Temple
  4594 | Temple   | Became a worshipper of Vehumet
  4814 | D:4      | Noticed Pikel
  4821 | D:4      | Killed Pikel
  4822 | D:4      | Reached skill level 9 in Spellcasting
  4822 | D:4      | Reached XP level 8. HP: 43/44 MP: 19/23
  5001 | D:4      | Noticed Grinder
  5018 | D:4      | Paralysed by Grinder for 7 turns
  5028 | D:4      | Killed Grinder
  5029 | D:4      | Reached skill level 5 in Conjurations
  5194 | D:4      | Reached skill level 10 in Spellcasting
  5501 | D:5      | Entered Level 5 of the Dungeon
  5883 | D:5      | Reached XP level 9. HP: 48/48 MP: 19/25
  5923 | D:5      | Reached * piety under Vehumet
  5923 | D:5      | Offered knowledge of Foxfire by Vehumet.
  5926 | D:5      | Learned a level 1 spell: Foxfire
  6054 | D:5      | Identified the +5 flail "Enurghar" {flame, Int+7 Dex+3
                  | SInv}
  6442 | D:6      | Reached skill level 11 in Spellcasting
  6459 | D:6      | Reached ** piety under Vehumet
  6464 | D:5      | Offered knowledge of Freeze by Vehumet.
  6516 | D:6      | Identified the +4 falchion "Girud" {protect, Str+3}
  6893 | D:6      | Reached skill level 5 in Fire Magic
  7210 | D:6      | Reached skill level 12 in Spellcasting
  7353 | D:6      | Identified the +0 robe of the Thirteen Beggars {rF- rC+++
                  | Regen+}
  7508 | D:6      | Found Xirph's Antique Armour Shoppe.
  8102 | D:7      | Reached XP level 10. HP: 56/56 MP: 28/28
  8424 | D:7      | Offered knowledge of Ignite Poison by Vehumet.
  8856 | D:8      | Found a shadowy altar of Dithmenos.
  8925 | D:8      | Reached skill level 13 in Spellcasting
  9165 | D:8      | Noticed a two-headed ogre
  9207 | D:8      | Killed a two-headed ogre
  9281 | D:8      | Reached *** piety under Vehumet
  9438 | D:8      | Found a staircase to the Lair.
  9913 | D:9      | Noticed Prince Ribbit
  9913 | D:9      | Found Levvusyk's Distillery.
  9919 | D:9      | Killed Prince Ribbit
  9932 | D:9      | Noticed Psyche
  9993 | D:9      | Found Baiskuro's Antique Weapon Shoppe.
 10031 | D:9      | Noticed a two-headed ogre
 10037 | D:9      | Killed a two-headed ogre
 10038 | D:9      | Reached skill level 14 in Spellcasting
 10069 | D:9      | Found Biapucsaef's Magic Scroll Shop.
 10086 | D:9      | Offered knowledge of Sticky Flame by Vehumet.
 10205 | D:9      | Killed Psyche
 10307 | D:9      | Bought a scroll of identify for 24 gold pieces
 10307 | D:9      | Bought a scroll of teleportation for 36 gold pieces
 10307 | D:9      | Bought a scroll of magic mapping for 42 gold pieces
 10307 | D:9      | Bought a scroll of fog for 24 gold pieces
 10314 | D:9      | Bought a scroll of identify for 24 gold pieces
 10314 | D:9      | Bought a scroll of identify for 24 gold pieces
 10382 | D:9      | Bought a potion of degeneration for 16 gold pieces
 10392 | D:9      | Found a staircase to the Orcish Mines.
 10705 | D:9      | Found Cetwem's Armour Emporium.
 10709 | D:9      | Bought a +0 helmet of see invisible for 126 gold pieces
 10912 | D:10     | Entered Level 10 of the Dungeon
 10920 | D:10     | Reached XP level 11. HP: 62/62 MP: 29/31
 11285 | D:10     | Reached skill level 15 in Spellcasting
 11442 | D:10     | Reached **** piety under Vehumet
 11525 | D:10     | Noticed a two-headed ogre
 11560 | D:10     | Killed a two-headed ogre
 11561 | D:10     | Reached skill level 5 in Fighting
 11758 | D:10     | Noticed a two-headed ogre
 11773 | D:10     | Killed a two-headed ogre
 11774 | D:10     | Reached skill level 1 in Shields
 13316 | D:11     | Found an ancient bone altar of Kikubaaqudgha.
 13784 | Temple   | Learned a level 4 spell: Flame Wave
 13791 | Temple   | Learned a level 6 spell: Starburst
 14186 | D:12     | Offered knowledge of Iskenderun's Battlesphere by Vehumet.
 14187 | D:12     | Reached skill level 16 in Spellcasting
 14242 | D:12     | Found Mulaf's Magic Scroll Shoppe.
 14248 | D:12     | Bought a scroll of identify for 32 gold pieces
 14248 | D:12     | Bought a scroll of identify for 32 gold pieces
 14533 | D:12     | Identified the +5 flail "Nusi" {elec, rPois Int+5}
 14651 | D:12     | Noticed a deep elf pyromancer
 14653 | D:12     | Killed a deep elf pyromancer
 14894 | D:12     | Reached XP level 12. HP: 68/68 MP: 25/34
 15171 | D:12     | Found a portal to a secret trove of treasure.
 15279 | D:13     | Found a gate leading to a gauntlet.
 15284 | Gauntlet | Entered a Gauntlet
 15284 | Gauntlet | Found a transporter.
 15284 | Gauntlet | Found a transporter.
 15289 | Gauntlet | Found a transporter.
 15290 | Gauntlet | Found a transporter.
 15290 | Gauntlet | Found a transporter.
 15291 | Gauntlet | Found a transporter.
 15322 | Gauntlet | Found a transporter.
 15326 | Gauntlet | Found a transporter.
 15330 | Gauntlet | Noticed a death scarab
 15330 | Gauntlet | Noticed a death scarab
 15338 | Gauntlet | Found a transporter.
 15352 | Gauntlet | Found a runed translucent gate.
 15353 | Gauntlet | Found a transporter.
 15353 | Gauntlet | Found a runed translucent gate.
 15354 | Gauntlet | Found a runed translucent gate.
 15355 | Gauntlet | Noticed a green death
 15357 | Gauntlet | Found a transporter.
 15375 | Gauntlet | Found a transporter.
 15379 | Gauntlet | Found a runed translucent door.
 15379 | Gauntlet | Found a runed translucent door.
 15535 | Gauntlet | Killed a death scarab
 15535 | Gauntlet | Slain by a death scarab

Illustrated notes

Levels and vault maps discovered:
D:1:      dpeg_arrival_round_b, layout_basic, serial_shops, shop_coins,
          ebering_ecumenical_altar_abandoned, hex_medium, minmay_splitting_lines
D:2:      layout_basic, serial_shops, nicolae_shop_overgrown_old_shop,
          uniq_crazy_yiuf_cottage, uniq_natasha, uniq_sigmund
D:3:      layout_basic
D:4:      layout_basic, minmay_temple_entry_proselytizer,
          minmay_misc_feat_enclosed, uniq_grinder, uniq_menkaure, uniq_pikel
D:5:      layout_rooms, goddamned_bats
D:6:      layout_loops_ring, serial_shops, shop_coins
D:7:      layout_cave_pods, chequers_serial_rivers_large_b
D:8:      layout_basic, grunt_dithmenos_smoke, grunt_lair_entry_orc_guard_hut,
          kennysheep_generic_room_7
D:9:      layout_basic, orc_0_dummy, serial_shops, nicolae_shop_crystal,
          nicolae_shop_stone, nicolae_shop_crystal, shop_statue, uniq_psyche,
          uniq_prince_ribbit1
D:10:     layout_loops_ring
D:11:     layout_stronghold, kiku_gazebo_pond_becter
D:12:     layout_loops_corners, serial_shops, shop_scrolls,
          trove_entry_hex_spiral
D:13:     layout_roguey, gauntlet_entry_generic, uniq_sonja
Temple:   nicolae_temple_the_god_donut
Gauntlet: minmay_gauntlet_77_indecision
          [minmay_gauntlet_arena_77_chump_sandwich,
          minmay_gauntlet_arena_77_block_sizes,
          minmay_gauntlet_arena_77_double_cross,
          minmay_gauntlet_arena_77_shame_cube,
          minmay_gauntlet_arena_77_tiled_triplets,
          minmay_gauntlet_arena_77_run_for_it, gauntlet_exit_green]

Skill      XL: |  1  2  3  4  5  6  7  8  9 10 11 12 |
---------------+-------------------------------------+-----
Spellcasting   | 5 6 7 9 10 12 14 16 | 16.8
Fighting       | 1 2 3 4 5 |  5.1
Armour         | 1 2 3 4 |  4.0
Conjurations   | 2 3 4 5 7 8 9 |  9.9
Fire Magic     | 1 2 4 5 7 8 9 |  9.1
Dodging        | 3 |  3.0
Air Magic      | 1 |  1.3
Stealth        | 3 |  3.0
Poison Magic   | 1 |  1.0
Evocations     | 1 |  1.0
Transmutations | 1 |  1.0
Shields        | 2 3 |  3.1
Summonings     | |  1.1
Translocations | |  1.1

Action                   |  1- 3 |  4- 6 |  7- 9 | 10-12 || total
-------------------------+-------+-------+-------+-------++-------
Melee: Dagger            |    16 |       |       |       ||    16
       Scythe            |       |    31 |    45 |       ||    76
       Flail             |       |       |    51 |   100 ||   151
 Cast: Magic Dart        |    82 |    52 |    97 |     7 ||   238
       Conjure Flame     |     2 |     1 |    16 |    30 ||    49
       Mephitic Cloud    |     1 |     9 |    14 |    35 ||    59
       Call Imp          |       |       |     2 |     1 ||     3
       Blink             |       |       |     1 |     2 ||     3
       Foxfire           |       |       |    91 |   228 ||   319
       Wereblood         |       |       |       |     4 ||     4
       Starburst         |       |       |       |    20 ||    20
       Flame Wave        |       |       |       |     2 ||     2
  Use: Scroll            |       |       |       |    15 ||    15
 Stab: Confused          |     1 |     2 |     5 |     9 ||    17
       Sleeping          |       |     4 |       |       ||     4
Armor: Robe              |     6 |     1 |       |       ||     7
       Leather armour    |       |       |    77 |       ||    77
       Steam dragon scal |       |       |     4 |    68 ||    72
Dodge: Dodged            |    33 |    11 |    94 |   117 ||   255

Table legend: (Time is in decaauts)
 A = Elapsed time spent in this place.
 B = Non-inter-level travel time spent in this place.
 C = Inter-level travel time spent in this place.
 D = Time resting spent in this place.
 E = Time spent auto-exploring this place.
 F = Levels seen in this place.
 G = Mean time per level.
                   A        B        C        D        E       F      G
               +--------+--------+--------+--------+--------+-----+--------+
         Total |  15695 |  14846 |    849 |    355 |  11944 |  15 | 1046.3 |
       Dungeon |  15372 |  14532 |    840 |    355 |  11944 |  13 | 1182.5 |
        Temple |     67 |     58 |      9 |      0 |      0 |   1 |   67.0 |
      Gauntlet |    254 |    254 |      0 |      0 |      0 |   1 |  254.0 |
               +--------+--------+--------+--------+--------+-----+--------+

Top non-repeatable levels by time:
    D:11: 1529 daAuts
     D:3: 1514 daAuts
     D:4: 1448 daAuts
     D:1: 1412 daAuts
     D:6: 1306 daAuts
    D:12: 1283 daAuts
    D:10: 1246 daAuts
     D:2: 1212 daAuts
     D:7: 1212 daAuts
     D:8: 1141 daAuts
     D:5: 1039 daAuts
     D:9: 1005 daAuts
Gauntlet: 254 daAuts
  Temple: 67 daAuts
    D:13: 21 daAuts
